 Dungeon Sprint DCSS version 0.16.1-25-gbcee3f8 (webtiles) character file.

5700000 Vrock the Axe Maniac (level 22, -25/169 HPs)
             Began as a Gargoyle Gladiator on May 19, 2015.
             Was the Champion of Makhleb.
             Killed from afar by a large bag of meat (57 damage)
             ... with an exploding inner flame
             ... in the Dungeon (Sprint VIII: "Arena of Blood").
             The game lasted 00:03:37 (57 turns).

Vrock the Axe Maniac (Gargoyle Gladiator)             Turns: 57, Time: 00:03:37

Health: -25/169    AC: 25    Str: 23    XL:     22   Next: 97%
Magic:  22/47      EV: 28    Int: 12    God:    Makhleb [******]
Gold:   0          SH:  0    Dex: 13    Spells: 0 memorised, 72 levels left

rFire  . . .     SeeInvis .     l - +∞ Axe of Woe
rCold  . . .     Clarity  .     b - +0 leather armour
rNeg   + . .     SustAb   .     (no shield)
rPois  ∞         Gourm    .     c - +0 helmet
rElec  +         Spirit   .     (no cloak)
rCorr  .         Warding  .     (no gloves)
rMut   .         NoTele   +     (no boots)
MR     +....                    (no amulet)
Stlth  +++++++++.               (no ring)
                                (no ring)

@: somewhat resistant to hostile enchantments, incredibly stealthy
A: able to fly continuously, big wings, negative energy resistance 1,
electricity resistance, unbreathing, petrification resistance, rot immunity, AC
+16
a: Fly, Minor Destruction, Lesser Servant of Makhleb, Major Destruction, Greater
Servant of Makhleb, Renounce Religion


You were in the Dungeon.
You worshipped Makhleb.
Makhleb was exalted by your worship.
You were not hungry.

You visited 1 branch

Inventory:

Hand weapons
 a - a +0 war axe
 l - the +∞ Axe of Woe (weapon)
   (You found it in the Dungeon)
Missiles
 d - 3 throwing nets (quivered)
Armour
 b - a +0 leather armour (worn)
 c - a +0 helmet (worn)
Scrolls
 k - a scroll of blinking
Potions
 e - a potion of curing
 g - a potion of heal wounds
 h - a potion of haste
 i - 2 potions of magic
 j - a potion of berserk rage
Comestibles
 f - a bread ration


   Skills:
 O Level 27 Fighting
 O Level 27 Axes
 O Level 27 Throwing
 O Level 27 Armour
 O Level 27 Dodging
 O Level 27 Stealth
 O Level 27 Unarmed Combat
 + Level 25.7 Spellcasting
 O Level 27 Invocations


You had 72 spell levels left.
You didn't know any spells.

Dungeon Overview and Level Annotations

Branches:
Dungeon (1/1)

Altars:
Makhleb


Innate Abilities, Weirdness & Mutations

You are resistant to torment.
You are immune to poison.
You can fly continuously.
Your stone body is very resilient (AC +16).
Your wings are large and strong.
You resist negative energy.
You are resistant to electric shocks.
You can survive without breathing.
You are immune to petrification.
You are immune to rotting.


Message History

You slice the tentacled monstrosity!!
You pulverise the tentacled monstrosity into a thin bloody mist.
You kill the tentacled monstrosity!
You slash the large abomination!
You fatally mangle the large abomination.
You destroy the large abomination!
You hit the large abomination but do no damage.
You cleave the large abomination in twain.
You destroy the large abomination!
You hit the bag of meat but do no damage.
You cleave the bag of meat in twain.
You kill the bag of meat!
Makhleb accepts your kill.
You have mastered Unarmed Combat!
Your Spellcasting skill increases to level 25!
You slash the large bag of meat!
You cleave the large bag of meat in twain.
The large bag of meat explodes!
The fiery explosion engulfs you!
You die... # ..... ..... . .....##.# .Xo

..........
.X####.....##.##
#X..X...........
#..§§§.....#.#..
#L.@§z...O.......
#.XX#.§§§)).........
.....O#.X)).§........
........z)))))).......
#........O))§.).......
#........#x......#...
..#.....#)).....#
.....###)).....###.
........))###......


You could see 2 tentacled monstrosities, a tyrant, 2 sculptors of flesh, 5 large
abominations, 3 meat berserkers, a small abomination and a bag of meat.

Vanquished Creatures
  A greater mummy (D)
  A hill giant (D)
  A hydra (D)
  A lich (D)
  15 ogres (D)
  28 orcs (D)
  4 skeletal warriors (D)
  5 vampire knights (D)
  2 tentacled monstrosities (D)
  8 large abominations (D)
  A reaper (D)
  A small abomination (D)
  5 crawling corpses (D)
73 creatures vanquished.

Vanquished Creatures (others)
  6 crawling corpses (D)
6 creatures vanquished.

Grand Total: 79 creatures vanquished

Notes
Turn   | Place    | Note
--------------------------------------------------------------
     0 | D        | Vrock, the Gargoyle Gladiator, began the quest for the Orb.
     0 | D        | Reached XP level 1. HP: 12/12 MP: 1/1
     3 | D        | Noticed a meat berserker
     4 | D        | Became a worshipper of Makhleb the Destroyer
     5 | D        | Noticed a meat berserker
     5 | D        | Killed a meat berserker
     5 | D        | Reached skill level 10 in Fighting
     5 | D        | Reached skill level 16 in Axes
     5 | D        | Reached XP level 2. HP: 14/28 MP: 2/2
     5 | D        | Reached XP level 3. HP: 16/33 MP: 3/3
     5 | D        | Reached XP level 4. HP: 18/39 MP: 4/4
     5 | D        | Reached XP level 5. HP: 19/43 MP: 5/5
     5 | D        | Reached XP level 6. HP: 21/48 MP: 6/6
     5 | D        | Reached XP level 7. HP: 23/53 MP: 7/7
     5 | D        | Reached XP level 8. HP: 25/59 MP: 8/8
     5 | D        | Reached XP level 9. HP: 26/63 MP: 9/9
     5 | D        | Reached XP level 10. HP: 28/68 MP: 10/10
     5 | D        | Reached XP level 11. HP: 30/73 MP: 11/11
     6 | D        | Killed a meat berserker
     6 | D        | Acquired Makhleb's first power
     6 | D        | Reached skill level 18 in Axes
     6 | D        | Reached skill level 10 in Throwing
     6 | D        | Reached XP level 12. HP: 31/81 MP: 12/12
     7 | D        | Noticed a bag of meat
     8 | D        | Noticed a bag of meat
    11 | D        | Noticed a bag of meat
    11 | D        | Killed a bag of meat
    11 | D        | Reached skill level 19 in Axes
    11 | D        | Reached XP level 13. HP: 33/88 MP: 13/13
    12 | D        | Noticed a bag of meat
    12 | D        | Noticed a meat berserker
    12 | D        | Killed a bag of meat
    12 | D        | Acquired Makhleb's second power
    12 | D        | Reached skill level 20 in Axes
    12 | D        | Gained mutation: Your wings are large and strong. [gargoyle growth]
    12 | D        | Reached XP level 14. HP: 67/95 MP: 14/14
    13 | D        | Noticed a bag of meat
    15 | D        | Noticed a bag of meat
    15 | D        | Killed a meat berserker
    15 | D        | Reached skill level 21 in Axes
    16 | D        | Noticed a meat berserker
    16 | D        | Noticed a meat berserker
    16 | D        | Noticed a bag of meat
    17 | D        | Noticed a bag of meat
    19 | D        | Noticed a meat berserker
    19 | D        | Killed a bag of meat
    19 | D        | Acquired Makhleb's third power
    19 | D        | Reached skill level 15 in Fighting
    19 | D        | Reached skill level 22 in Axes
    19 | D        | Reached XP level 15. HP: 62/103 MP: 15/15
    19 | D        | Killed a meat berserker
    19 | D        | Reached skill level 23 in Axes
    19 | D        | Killed a bag of meat
    19 | D        | Acquired Makhleb's fourth power
    19 | D        | Reached skill level 24 in Axes
    21 | D        | Noticed a destroyer
    21 | D        | Killed a meat berserker
    21 | D        | Reached skill level 25 in Axes
    21 | D        | Reached skill level 15 in Throwing
    21 | D        | Reached skill level 1 in Armour
    21 | D        | Reached XP level 16. HP: 25/112 MP: 16/16
    22 | D        | Killed a bag of meat
    22 | D        | Killed a meat berserker
    22 | D        | Acquired Makhleb's fifth power
    22 | D        | Reached skill level 26 in Axes
    22 | D        | Killed a bag of meat
    23 | D        | Noticed a bag of meat
    23 | D        | Noticed a destroyer
    24 | D        | Noticed a meat berserker
    24 | D        | Killed a bag of meat
    24 | D        | Reached skill level 27 in Axes
    24 | D        | Reached XP level 17. HP: 121/124 MP: 17/17
    25 | D        | Noticed a bag of meat
    25 | D        | Noticed a meat berserker
    25 | D        | Noticed a bag of meat
    26 | D        | Noticed a meat berserker
    26 | D        | Noticed a bag of meat
    27 | D        | Noticed a bag of meat
    27 | D        | Noticed a meat berserker
    27 | D        | Noticed a bag of meat
    27 | D        | Noticed a large bag of meat
    27 | D        | Noticed a bag of meat
    28 | D        | Noticed a bag of meat
    28 | D        | Noticed a bag of meat
    28 | D        | Noticed a bag of meat
    29 | D        | Noticed a bag of meat
    29 | D        | Killed a meat berserker
    29 | D        | Killed a bag of meat
    29 | D        | Reached skill level 5 in Armour
    29 | D        | Killed a bag of meat
    29 | D        | Reached skill level 27 in Dodging
    29 | D        | Killed a bag of meat
    29 | D        | Reached XP level 18. HP: 136/141 MP: 18/18
    29 | D        | Killed a meat berserker
    30 | D        | Killed a bag of meat
    30 | D        | Reached skill level 27 in Fighting
    30 | D        | Reached skill level 10 in Armour
    30 | D        | Killed a bag of meat
    30 | D        | Killed a destroyer
    31 | D        | Killed a meat berserker
    31 | D        | Reached skill level 27 in Throwing
    31 | D        | Reached skill level 15 in Armour
    31 | D        | Reached XP level 19. HP: 151/151 MP: 18/18
    32 | D        | Noticed a meat berserker
    33 | D        | Noticed a meat berserker
    33 | D        | Killed a meat berserker
    34 | D        | Killed a bag of meat
    34 | D        | Killed a bag of meat
    35 | D        | Noticed an eight-headed meat hydra
    35 | D        | Noticed a sculptor of flesh
    35 | D        | Noticed a bag of meat
    36 | D        | Noticed a bag of meat
    36 | D        | Noticed a sculptor of flesh
    36 | D        | Killed a large bag of meat
    36 | D        | Killed a meat berserker
    36 | D        | Reached skill level 27 in Armour
    37 | D        | Noticed a destroyer
    37 | D        | Killed a destroyer
    37 | D        | Reached XP level 20. HP: 157/157 MP: 18/31
    37 | D        | Killed a bag of meat
    37 | D        | Reached skill level 10 in Invocations
    37 | D        | Killed a bag of meat
    37 | D        | Reached skill level 10 in Spellcasting
    37 | D        | Killed a bag of meat
    38 | D        | Noticed a bag of meat
    38 | D        | Noticed a bag of meat
    38 | D        | Noticed a bag of meat
    38 | D        | Noticed a bag of meat
    38 | D        | Noticed a meat berserker
    39 | D        | Killed a destroyer
    39 | D        | Reached skill level 15 in Stealth
    41 | D        | Noticed a sculptor of flesh
    41 | D        | Noticed a sculptor of flesh
    41 | D        | Killed a meat berserker
    41 | D        | Reached skill level 15 in Invocations
    41 | D        | Killed a bag of meat
    41 | D        | Killed a bag of meat
    42 | D        | Noticed a bag of meat
    42 | D        | Noticed a bag of meat
    42 | D        | Killed a bag of meat
    42 | D        | Killed a nine-headed meat hydra
    43 | D        | Killed a sculptor of flesh
    43 | D        | Reached skill level 15 in Unarmed Combat
    43 | D        | Killed a bag of meat
    43 | D        | Killed a sculptor of flesh
    43 | D        | Reached skill level 15 in Spellcasting
    43 | D        | Reached XP level 21. HP: 163/163 MP: 19/41
    44 | D        | Killed a meat berserker
    44 | D        | Killed a bag of meat
    45 | D        | Noticed a meat berserker
    45 | D        | Noticed a destroyer
    46 | D        | Killed a sculptor of flesh
    46 | D        | Killed a bag of meat
    48 | D        | Noticed a meat berserker
    48 | D        | Noticed an accursed
    48 | D        | Killed a bag of meat
    48 | D        | Killed a bag of meat
    48 | D        | Killed a bag of meat
    49 | D        | Noticed a sculptor of flesh
    49 | D        | Noticed a destroyer
    50 | D        | Noticed a large bag of meat
    50 | D        | Noticed a tyrant
    50 | D        | Noticed a bag of meat
    50 | D        | Noticed a sculptor of flesh
    50 | D        | Noticed a tyrant
    50 | D        | Killed an accursed
    50 | D        | Reached XP level 22. HP: 169/169 MP: 20/44
    50 | D        | Killed a bag of meat
    50 | D        | Killed a meat berserker
    51 | D        | Killed a meat berserker
    51 | D        | Killed a destroyer
    51 | D        | Reached skill level 27 in Stealth
    51 | D        | Killed a sculptor of flesh
    52 | D        | Noticed a meat berserker
    54 | D        | Killed a destroyer
    54 | D        | Reached skill level 27 in Invocations
    54 | D        | Killed a tyrant
    55 | D        | Noticed a tyrant
    55 | D        | Noticed a meat berserker
    56 | D        | Noticed a large bag of meat
    57 | D        | Noticed a bag of meat
    57 | D        | Noticed a meat berserker
    57 | D        | Killed a bag of meat
    57 | D        | Reached skill level 27 in Unarmed Combat
    57 | D        | Killed a large bag of meat
    57 | D        | Killed from afar by a large bag of meat

Action                   |  1- 3 |  4- 6 |  7- 9 | 10-12 | 13-15 | 16-18 | 19-21 | 22-24 || total
-------------------------+-------+-------+-------+-------+-------+-------+-------+-------++-------
Melee: Executioner's axe |     1 |       |       |     2 |     4 |     5 |    12 |     4 ||    28
